 Dungeon Crawl Stone Soup version 0.23-a0-639-ga9a3373 (webtiles) character file.

524 KnightedAnt the Skirmisher (level 7, -6/55 HPs)
             Began as a Formicid Abyssal Knight on Dec 28, 2018.
             Was a Believer of Lugonu.
             Mangled by an ice beast (10 damage)
             ... on level 4 of the Dungeon on Dec 29, 2018.
             The game lasted 00:10:28 (4003 turns).

KnightedAnt the Skirmisher (FoAK)                   Turns: 4003, Time: 00:10:28

Health: -6/55      AC:  4    Str: 19    XL:     7   Next: 46%
Magic:  10/10      EV: 12    Int: 11    God:    Lugonu [**....]
Gold:   166        SH:  0    Dex: 10    Spells: 6/6 levels left

rFire    . . .     SeeInvis +   f - +2 mace (protect)
rCold    . . .     Gourm    .   (no shield)
rNeg     . . .     Faith    .   b - +0 leather armour
rPois    .         Spirit   .   (helmet unavailable)
rElec    .         Reflect  .   (no cloak)
rCorr    .         Harm     .   n - +0 pair of gloves
MR       .....                  (no boots)
Stlth    +.........             (no amulet)
HPRegen  0.18/turn              (no ring)
MPRegen  0.12/turn              (no ring)

@: no status effects
A: permanent stasis, dig shafts and tunnels, four strong arms, antennae 3
a: Dig, Shaft Self, Depart the Abyss, Bend Space, Renounce Religion


You were on level 4 of the Dungeon.
You worshipped Lugonu.
Lugonu was pleased with you.
You were hungry.

You visited 1 branch of the dungeon, and saw 4 of its levels.
You visited the Abyss 1 time.

You collected 166 gold pieces.

Inventory:

Hand Weapons
 a - a +1 falchion
 e - a +0 great sword
 f - a +2 mace of protection (weapon)
 t - a +2 scythe of venom
Armour
 b - a +0 leather armour (worn)
 n - a +0 pair of gloves (worn)
Jewellery
 j - an uncursed amulet of the acrobat {unknown}
Scrolls
 g - 2 scrolls of identify {unknown}
 m - 2 scrolls of teleportation {unknown}
 o - 3 scrolls of remove curse {unknown}
 u - a scroll of noise {unknown}
Potions
 d - 4 potions of might {unknown}
 h - 2 potions of agility {unknown}
 i - a potion of magic {unknown}
 k - a potion of curing {unknown}
 l - a potion of heal wounds {unknown}
 p - 2 potions of brilliance {unknown}
 q - a potion of resistance {unknown}
 r - a potion of degeneration {unknown}
 s - a potion of lignification {unknown}
Comestibles
 c - 2 rations


   Skills:
 + Level 4.8 Fighting
 + Level 3.7 Long Blades
 + Level 4.1 Armour
 + Level 3.0 Dodging
 + Level 4.5 Invocations


You had 6 spell levels left.
You didn't know any spells.
Your spell library was empty.

Dungeon Overview and Level Annotations

Branches:
Dungeon (4/15)
 Temple: D:4-7

Altars:
Gozag
Okawaru


Innate Abilities, Weirdness & Mutations

You cannot be hasted, slowed, berserked, paralysed or teleported.
You can dig through walls and to a lower floor.
Your four strong arms can wield two-handed weapons with a shield.
You have a pair of large antennae on your head. (SInv)


Message History

The ice beast is severely wounded.
The ice beast hits you but does no damage.
You barely miss the ice beast.
The ice beast is severely wounded.
The ice beast completely misses you. The ice beast closely misses you.
You closely miss the ice beast.
The ice beast is severely wounded.
The ice beast hits you.
* * * LOW HITPOINT WARNING * * *
The ice beast freezes you.
* * * LOW HITPOINT WARNING * * *
You barely miss the ice beast.
The ice beast is severely wounded.
The ice beast barely misses you.
You barely miss the ice beast.
The ice beast is severely wounded.
The ice beast hits you.
* * * LOW HITPOINT WARNING * * *
The ice beast freezes you!
You die...

#........#........#
#.#.#.##.##..###...#
#.#.#.#.####.## ...
#####.#.#.##.###..##...#
.%.........##.##.......#
.#####.##.##..#...#.###
#.##.##.>[##.# #
#.##....### .# #@#####.#
.# #Y# #.# .. #.# #.# .
..$ ..# ... ... .#.## ##
.#.# ###.#


You could see an ice beast.

Vanquished Creatures
  Sigmund (D:2)
  An ogre (D:4)
  2 worker ants
  A hound skeleton (D:4)
  Robin (D:3)
  11 adders
  4 gnolls
  An ooze (D:2)
  2 orcs (D:2)
  3 bats
  A giant cockroach (D:1)
  14 goblins
  3 hobgoblins
  10 jackals
  7 kobolds
  A quokka (D:3)
  6 ball pythons (D:2)
  2 frilled lizards
  4 rats
75 creatures vanquished.

Vanquished Creatures (others)
  A lurking horror (Abyss:2)
1 creature vanquished.

Grand Total: 76 creatures vanquished

Notes
Turn   | Place    | Note
-------+----------+-------------------------------------------
     0 | Abyss:1  | KnightedAnt the Formicid Abyssal Knight began the quest for
                  | the Orb.
     0 | Abyss:1  | Reached XP level 1. HP: 18/18 MP: 2/2
    42 | Abyss:2  | Noticed a small abomination
   107 | Abyss:2  | Noticed a raiju
   131 | Abyss:2  | Noticed a large abomination
   132 | Abyss:2  | Noticed a tentacled starspawn
   133 | Abyss:2  | Noticed a large abomination
   136 | D:1      | Escaped the Abyss
   346 | D:1      | Reached skill level 1 in Dodging
   404 | D:1      | Reached * piety under Lugonu
   493 | D:1      | Reached XP level 2. HP: 24/24 MP: 3/3
  1005 | D:1      | Reached XP level 3. HP: 20/29 MP: 4/4
  1384 | D:2      | Found an opulent altar of Gozag.
  1535 | D:2      | Reached XP level 4. HP: 22/37 MP: 6/6
  1740 | D:2      | Found an iron altar of Okawaru.
  1992 | D:2      | Reached XP level 5. HP: 34/42 MP: 7/7
  2447 | D:2      | Noticed Sigmund
  2458 | D:2      | Killed Sigmund
  2458 | D:2      | Reached ** piety under Lugonu
  2458 | D:2      | Reached XP level 6. HP: 23/49 MP: 8/8
  2869 | D:3      | Noticed Robin
  2895 | D:3      | Killed Robin
  3179 | D:3      | Reached XP level 7. HP: 52/55 MP: 10/10
  3180 | D:3      | Upgraded the game from 0.23-a0-636-g0ff6057 to
                  | 0.23-a0-639-ga9a3373
  4003 | D:4      | Mangled by an ice beast

Vault maps used:
D:1:      kennysheep_arrival_seaside, chequers_avenue
D:2:      okawaru_altar_gauntlet_db, lemuel_doored_altar, minmay_snake_closets,
          uniq_sigmund
D:3:      uniq_robin
D:4:      minmay_overflow_temple_star_quad, nicolae_overflow_hidden_temple,
          minmay_temple_entry_antechambers, first_ration,
          chequers_serial_rivers_micro_e, nemelex_dance_club_becter
Abyss:2:  bh_abyss_exit_spiral

Skill      XL: |  1  2  3  4  5  6  7 |
---------------+----------------------+-----
Dodging        | 1 2 3 |  3.0
Invocations    | 3 4 |  4.5
Armour         | 3 4 |  4.1
Fighting       | 4 |  4.8
Long Blades    | 3 |  3.7

Action                   |  1- 3 |  4- 6 |  7- 9 || total
-------------------------+-------+-------+-------++-------
Melee: Mace              |    92 |   118 |    74 ||   284
Invok: Depart the Abyss  |     1 |       |       ||     1
 Abil: Dig               |     1 |       |     1 ||     2
  Eat: Chunk             |     2 |     6 |     2 ||    10
Armor: Leather armour    |    59 |    60 |    31 ||   150
Dodge: Dodged            |   103 |    95 |    52 ||   250

Table legend:
 A = Non-vault XP
 B = Vault XP
 C = Vault XP percentage of total XP
 D = Non-vault monster count
 E = Vault monster count
 F = Vault count percentage of total count
                 A         B        C        D         E       F
            +---------+---------+-------+---------+---------+-------
      Total |     360 |     389 |  51.9 |      42 |      33 |  44.0
            +---------+---------+-------+---------+---------+-------
        D:1 |      37 |       0 |   0.0 |      15 |       0 |   0.0
        D:2 |      49 |     350 |  87.7 |      11 |      20 |  64.5
        D:3 |     104 |      39 |  27.3 |      13 |      13 |  50.0
        D:4 |     170 |       0 |   0.0 |       3 |       0 |   0.0
            +---------+---------+-------+---------+---------+-------
